 Dungeon Crawl Stone Soup version 0.29.1-12-g30fa7ad0bf (webtiles) character file.

Game seed: 13808877412391435858

44 Radix the Cudgeller (level 3, -4/51 HPs)
             Began as a Minotaur Berserker on Jan 8, 2023.
             Was a Follower of Trog.
             Slain by Robin
             ... wielding a +7 club
              (5 damage)
             ... on level 2 of the Dungeon.
             The game lasted 00:04:19 (1224 turns).

Radix the Cudgeller (Minotaur Berserker)            Turns: 1224, Time: 00:04:20

Health: -4/51      AC:  9    Str: 27    XL:     3   Next: 39%
Magic:  2/2        EV: 11    Int:  4    God:    Trog [*.....]
Gold:   107        SH:  0    Dex:  9    Spells: 2/2 levels left

rFire   . . .      SeeInvis .   a - +0 mace
rCold   . . .      Faith    .   (no shield)
rNeg    . . .      Spirit   .   f - +4 ring mail of Amorality {-Tele Fly rCorr Str+4}
rPois   .          Reflect  .   (helmet restricted)
rElec   .          Harm     .   (no cloak)
rCorr   +          Rampage  .   (no gloves)
Will    .....      NoTele   +   (no boots)
Stlth   ..........              (no amulet)
HPRegen 0.17/turn               (no ring)
MPRegen 0.08/turn               (no ring)

@: berserking (expiring), lethally poisoned (-4 -> -8), flying, very quick
A: horns 2, retaliatory headbutt
a: Renounce Religion, Berserk


You were on level 2 of the Dungeon.
You worshipped Trog.
Trog was aware of your devotion.
You visited 1 branch of the dungeon, and saw 2 of its levels.

You collected 107 gold pieces.

Inventory:

Hand Weapons
 a - a +0 mace (weapon)
Armour
 b - a +0 animal skin
 f - the +4 ring mail of Amorality (worn) {-Tele Fly rCorr Str+4}
   (You found it on level 2 of the Dungeon)

   Str:       It affects your strength (+4).
   Fly:       It grants you flight.
   -Tele:     It prevents most forms of teleportation.
   rCorr:     It protects you from acid and corrosion.
Jewellery
 c - an amulet of reflection
Scrolls
 d - a scroll of blinking {unknown}
 e - 5 scrolls of identify {unknown}
 g - a scroll of immolation {unknown}


   Skills:
 + Level 4.6 Fighting
 + Level 4.6 Maces & Flails
 - Level 2.4 Armour
 - Level 2.1 Dodging


You had 2 spell levels left.
You didn't know any spells.
Your spell library was empty.

Dungeon Overview and Level Annotations

Branches:
Dungeon (2/15)

Altars:

Annotations:
D:2 Robin


Innate Abilities, Weirdness & Mutations

You have a pair of horns on your head.
You reflexively headbutt those who attack you in melee.


Message History

You hit the goblin.
The goblin is severely wounded.
You feel sick. Robin throws the goblin at you! The goblin closely misses you.
The goblin hits you with a +0 dagger. The goblin hits you with a +0 club.
* * * LOW HITPOINT WARNING * * *
The goblin barely misses you. You furiously retaliate!
You headbutt the goblin!
You kill the goblin!
Trog accepts your kill.
You sock the goblin!
You kill the goblin!
Trog accepts your kill.
You feel sick. Robin throws the goblin at you!
The goblin hits you with a +0 club.
* * * LOW HITPOINT WARNING * * *
The goblin hits you but does no damage. The goblin hits you with a +0 club.
* * * LOW HITPOINT WARNING * * *
The goblin misses you.
You barely miss the hobgoblin. You headbutt the hobgoblin.
You kill the hobgoblin!
Trog accepts your kill.
* * * LOW HITPOINT WARNING * * *
You feel sick. The goblin barely misses you. You furiously retaliate!
You headbutt the goblin!
You kill the goblin!
Trog accepts your kill. The goblin hits you but does no damage.
The goblin closely misses you. x2
You are too berserk!
You bludgeon the goblin!!
You kill the goblin!
Trog accepts your kill.
* * * LOW HITPOINT WARNING * * *
You feel sick.
* * * LOW HITPOINT WARNING * * *
You feel sick. Robin hits you with a +7 club.
* * * LOW HITPOINT WARNING * * *
The goblin barely misses you.
Items here: )) ††.
You closely miss Robin. Your headbutt misses Robin.
Robin hits you with a +7 club.
You die...

.##.#.## ##.######
.##....#####...#...#####
.##..#.......#..........
.###...#####.[.#...####
.# ##.## ##.##..## .#
#.# #.##..# .# #.#
#.##).# ## #.#
#.##g)##### #.#
#.#g@)....#
#.#######.#ggg###.#
#.........#.$.#
###########.... #.##..
#. .## #> .# #. .#


You could see Robin, a hobgoblin (strong) and 3 goblins.

Vanquished Creatures
  A gnoll (D:1)
  A dart slug (D:1)
  4 ball pythons (D:1)
  3 endoplasms
  7 goblins
  3 hobgoblins
  3 jackals (D:2)
  2 kobolds (D:1)
  A frilled lizard (D:1)
  3 rats (D:1)
28 creatures vanquished.

Notes
Turn   | Place    | Note
-------+----------+-------------------------------------------
     0 | D:1      | Radix the Minotaur Berserker began the quest for the Orb.
     0 | D:1      | Reached XP level 1. HP: 19/19 MP: 0/0
    85 | D:1      | You fall into a shaft and drop 1 floor!
   169 | D:1      | Reached XP level 2. HP: 24/27 MP: 1/1
   788 | D:1      | Reached XP level 3. HP: 25/34 MP: 2/2
  1123 | D:2      | Identified the +4 ring mail of Amorality {-Tele Fly rCorr
                  | Str+4}
  1212 | D:2      | Noticed Robin
  1223 | D:2      | HP: 1/51 [Robin/+7 club (3)]
  1224 | D:2      | Slain by Robin

Illustrated notes

Levels and vault maps discovered:
D:1:      lightli_arrival_farm, layout_basic, nicolae_figureground_sparkle
D:2:      layout_loops_ring, uniq_robin

Skill      XL: |  1 |
---------------+----+-----
Fighting       | 4 |  4.6
Maces & Flails | 4 |  4.6
Armour         | |  2.4
Dodging        | |  2.1

Action                   || total
-------------------------++-------
Melee: Mace              ||    51
       Headbutt          ||     5
Invok: Berserk           ||     3
Armor: Animal skin       ||     4
       Ring mail         ||     8
Dodge: Dodged            ||    40
